Map: Efflorescence LE

Players

MacroJackson - Winner!

  • Race: Protoss Protoss
  • Spawn Location: 6:00

A.I. 1 (Very Hard)

  • Race: Terran Terran
  • Spawn Location: 12:00

VOD

Have the link to the VOD?

Description

Time

  • Played on: May 5, 2020, 1:32 p.m.
  • Length: 4:47
Show
View Real Time Build Order
Export as new Build Order

MacroJackson Protoss - Winner!

Build Orders:  

Get SALT Encoding   

  12  0:01  Probe  
  13  0:13  Probe  
  14  0:18  Pylon  
  14  0:25  Probe (Chrono Boost)  
  15  0:37  Probe (Chrono Boost)  
  15  0:38  Gateway  
  16  0:45  Probe (Chrono Boost)  
  16  0:47  Assimilator  
  17  0:51  Probe  
  17  0:56  Assimilator  
  18  1:03  Probe  
  19  1:15  Probe  
  19  1:17  Pylon  
  20  1:25  Cybernetics Core  
  20  1:28  Probe  
  21  1:40  Probe  
  22  2:02  Twilight Council  
  22  2:03  Warp Gate  
  22  2:04  Robotics Facility  
  22  2:08  Stalker (Chrono Boost)  
  24  2:17  Gateway  
  24  2:24  Gateway  
  24  2:31  Zealot  
  24  2:32  Charge (Chrono Boost)  
  26  2:50  Warp Prism  
  28  2:58  Zealot  
  30  3:05  Pylon  
  30  3:24  Probe  
  31  3:34  Nexus  
  31  3:56  Zealot x3  
  33  4:07  Probe  
  33  4:09  Pylon  
  34  4:17  Zealot x2  
  36  4:26  Zealot  
  34  4:38  Zealot x2  
Show
View Real Time Build Order
Export as new Build Order

A.I. 1 (Very Hard) Terran 

Build Orders: 2 Factory 

Get SALT Encoding   

  12  0:00  SCV  
  13  0:13  SCV  
  14  0:20  Supply Depot  
  14  0:25  SCV  
  15  0:42  SCV  
  16  0:44  Barracks  
  16  0:54  SCV  
  17  1:06  SCV  
  18  1:18  Supply Depot, SCV  
  19  1:24  Refinery  
  19  1:30  SCV  
  20  1:33  Marine  
  21  1:42  SCV  
  22  1:49  Refinery  
  22  1:51  Marine  
  23  1:54  SCV  
  24  2:06  SCV  
  25  2:08  Marine  
  26  2:18  SCV  
  26  2:21  Factory  
  27  2:26  Marine  
  28  2:30  SCV  
  29  2:40  Factory  
  29  2:43  SCV  
  30  2:44  Marine  
  30  2:46  Supply Depot  
  31  2:56  Orbital Command  
  31  3:04  Factory Tech Lab  
  31  3:07  Marine  
  32  3:21  SCV  
  32  3:25  Factory Tech Lab, Command Center, Marine  
  34  3:33  SCV  
  35  3:45  SCV  
  36  3:56  Marine  
  36  3:57  Supply Depot, SCV  
  34  4:06  Hellion  
  34  4:09  SCV  
  33  4:14  Marine  
  30  4:21  SCV  
Tags
 
Add a new tag
Caveats
  • Supply blocks, unpowered buildings, or Contaminate may cause inaccurate times.
  • Supply counts are checked every 10 seconds.